 Dungeon Crawl Stone Soup version 0.30-a0-457-g4b7bca3bfa (webtiles) character file.

Game seed: 6202468785486470250

12443 cforsyth the Fighter (level 11, 0/156 HPs)
             Began as a Minotaur Berserker on Dec 12, 2022.
             Was a High Priest of Trog.
             Slain by a troll (5 damage)
             ... on level 11 of the Dungeon.
             The game lasted 00:22:26 (11914 turns).

cforsyth the Fighter (Minotaur Berserker)          Turns: 11914, Time: 00:22:26

Health: 0/156      AC: 17    Str: 26    XL:     11   Next: 62%
Magic:  10/10      EV: 12    Int:  4    God:    Trog [*****.]
Gold:   659        SH:  0    Dex: 16    Spells: 10/10 levels left

rFire   . . .      SeeInvis .    n - +7 flail "Teodim" {venom, rElec rN+ Dex+6}
rCold   . . .      Faith    .    (no shield)
rNeg    + . .      Spirit   .    v - +1 plate armour
rPois   +          Reflect  .    (helmet restricted)
rElec   +          Harm     .    (no cloak)
rCorr   .          Rampage  .    J - +0 pair of gloves
Will    ++...                    (no boots)
Stlth   ..........               (no amulet)
HPRegen 1.46/turn                f - ring of poison resistance
MPRegen 0.12/turn                K - +4 ring of slaying

@: berserking, strong-willed, regenerating, very quick
A: horns 2, retaliatory headbutt
a: Renounce Religion, Berserk, Trog's Hand, Brothers in Arms


You were on level 11 of the Dungeon.
You worshipped Trog.
Trog was extremely pleased with you.
You visited 1 branch of the dungeon, and saw 11 of its levels.
You also visited: Ossuary.

You collected 659 gold pieces.

Inventory:

Hand Weapons
 n - the +7 flail "Teodim" (weapon) {venom, rElec rN+ Dex+6}
   (You found it on level 3 of the Dungeon)

   It poisons the flesh of those it strikes.
   Dex:       It affects your dexterity (+6).
   rElec:     It insulates you from electricity.
   rN:        It protects you from negative energy.
Missiles
 G - 3 throwing nets (quivered)
Armour
 v - a +1 plate armour (worn)
 J - a +0 pair of gloves (worn)
Jewellery
 a - a ring of positive energy
 f - a ring of poison resistance (left hand)
 r - a ring of positive energy
 y - a ring of protection from cold
 H - a ring of fire
 K - a +4 ring of slaying (right hand)
 L - a ring of protection from cold
Wands
 g - a wand of iceblast (7)
 q - a wand of flame (38)
 u - a wand of charming (23)
 F - a wand of polymorph (3)
 I - a wand of mindburst (2)
 M - a wand of light (5)
 N - a wand of digging (9)
Scrolls
 d - 5 scrolls of teleportation
 i - 2 scrolls of blinking
 j - 3 scrolls of fog
 m - 3 scrolls of enchant weapon
 t - 2 scrolls of vulnerability
 z - a scroll of magic mapping
 B - 2 scrolls of identify
 C - 2 scrolls of enchant armour
 D - 2 scrolls of noise
 E - 3 scrolls of silence
Potions
 b - 5 potions of heal wounds
 c - 3 potions of magic
 e - 2 potions of lignification
 h - 2 potions of mutation
 k - 2 potions of haste
 l - 2 potions of flight
 o - 5 potions of invisibility
 p - 3 potions of attraction
 s - 6 potions of curing
 w - 3 potions of cancellation
 x - a potion of berserk rage
 A - a potion of resistance
 O - a potion of experience {unknown}
 P - 2 potions of degeneration {unknown}


   Skills:
 + Level 11.8 Fighting
 + Level 11.8 Axes
 + Level 11.5 Armour
 + Level 10.5 Dodging


You had 10 spell levels left.
You didn't know any spells.
Your spell library was empty.

Dungeon Overview and Level Annotations

Branches:
Dungeon (11/15)            Temple (0/1) D:6            Lair (0/5) D:11
    Orc (0/2) D:9         Ossuary (visited)

Altars:
Cheibriados
Hepliaklqana
Nemelex Xobeh
Okawaru
Trog
Uskayaw
Wu Jian
Xom
Yredelemnul

Shops:
D:3 (   D:9 (

Annotations:
D:9 1 runed translucent door, billz999's ghost, novice GnHu


Innate Abilities, Weirdness & Mutations

You have a pair of horns on your head.
You reflexively headbutt those who attack you in melee.


Message History

You sock the troll!
The troll is poisoned.
You headbutt the troll, but do no damage.
The troll is severely wounded.
The troll bites you.
* * * LOW HITPOINT WARNING * * *
The troll closely misses you. The troll misses you.
Unknown command.
A red film seems to cover your vision as you go berserk!
You feel yourself moving faster!
You feel mighty! The troll bites you but does no damage.
The troll barely misses you. The troll misses you.
You barely miss the troll.
The troll is severely wounded.
The troll bites you!
* * * LOW HITPOINT WARNING * * *
The troll barely misses you. x2
Unknown command.
You sock the troll!
You kill the troll!
Trog accepts your kill.
Unknown command.
You hit the water elemental. You headbutt the water elemental!
The water elemental is severely damaged.
The water elemental hits you!
* * * LOW HITPOINT WARNING * * *
The water elemental engulfs you in water!
Unknown command.
You barely miss the water elemental.
The water elemental is severely damaged.
* * * LOW HITPOINT WARNING * * *
Your lungs strain for air!
The water elemental barely misses you. You furiously retaliate!
You headbutt the water elemental!
You destroy the water elemental!
Trog accepts your kill.
You gasp with relief as air once again reaches your lungs.
Unknown command.
Unknown command.
The troll bites you.
You die...

.~.~~.......#.⌠.# *,,,#....~~≈≈~.
.~.~~.≈....##$..#*#*####....~≈≈~#
.~≈~~~......#...#..*#..#....~≈≈~~
.~~≈~~.?...#.....,**#.##....~~≈≈~
.≈~≈≈.).)..#...######.#....88~≈≈~
..~~≈...†.##..##.................
...~≈~..T.)...#..##.........)...)
.~.~~≈...K##(.#h###.......)88~~≈≈
...~≈.....##.)cT@.............~≈≈
>.~.~~c.#.###.#T##...........#~≈≈
...~≈~..#.#*#.................~~≈
.~$~~≈~..........###........###~≈
~~~≈~.....####.### #........#..~≈
~~~≈~..,#.#**###***#..........#~~
~,~~~~~,*,^,***,.......##.######~
~~,,,,,,*,,,,*,,...######.# #~
,~,,,,,,,,,,,,,..##* #.# *#~


You could see 2 trolls, a centaur and a hound.

Vanquished Creatures
  A two-headed ogre (D:11)
  An ugly thing (D:10)
  A cyclops (D:11)
  2 unseen horror zombies (D:8)
  3 komodo dragons
  4 trolls
  Grinder (D:3)
  A water elemental (D:11)
  4 shadows
  6 yaks (D:10)
  Sigmund (D:4)
  A wraith (D:10)
  4 steam dragons
  2 water moccasins
  An acid dragon (D:8)
  A hornet zombie (D:8)
  2 ice beasts
  An orc warrior (D:7)
  A sky beast (D:7)
  An ogre (D:7)
  2 wolves (D:11)
  3 black bears
  9 centaurs
  2 phantoms
  4 kobold brigands
  2 bullfrogs (D:8)
  2 scorpions
  2 wyvern zombies (Ossuary)
  4 necrophages
  7 wights (D:8)
  3 water moccasin zombies (Ossuary)
  3 troll zombies (D:9)
  A killer bee (D:10)
  The ghost of CornPuffBuddha the Conjurer, a weakling GrRe (D:3)
  9 howler monkeys
  2 lava snakes (D:10)
  8 bullfrog zombies (Ossuary)
  3 jellies
  A human zombie (D:8)
  6 centaur zombies
  6 hounds
  8 orc priests
  5 orc wizards
  3 iguanas
  2 killer bee zombies (Ossuary)
  5 ogre zombies (D:9)
  15 mummies
  3 howler monkey zombies
  12 adders
  18 gnolls
  A shadow imp (D:5)
  3 white imps
  2 worms (D:3)
  4 dart slugs
  44 orcs
  8 endoplasms
  A giant cockroach (D:2)
  4 goblins
  6 hobgoblins
  2 jackals (D:1)
  2 quokkas
  10 ball pythons
  2 bats
  2 goblin zombies (D:9)
  A hobgoblin skeleton (D:9)
  3 hobgoblin zombies (D:9)
  21 kobolds
  5 orc skeletons (D:9)
  12 orc zombies (D:9)
  5 rats
  A spectral hobgoblin (D:3)
  A bush (D:8)
330 creatures vanquished.

Vanquished Creatures (others)
  6 plants (D:3)
  4 withered plants (Ossuary)
10 creatures vanquished.

Grand Total: 340 creatures vanquished

Notes
Turn   | Place    | Note
-------+----------+-------------------------------------------
     0 | D:1      | cforsyth the Minotaur Berserker began the quest for the
                  | Orb.
     0 | D:1      | Reached XP level 1. HP: 19/19 MP: 0/0
   129 | D:1      | Reached XP level 2. HP: 13/27 MP: 1/1
   982 | D:2      | Reached XP level 3. HP: 33/33 MP: 2/2
  1198 | D:2      | Reached XP level 4. HP: 19/41 MP: 3/3
  1503 | D:2      | Reached ** piety under Trog
  2613 | D:3      | Reached XP level 5. HP: 43/47 MP: 4/4
  2657 | D:3      | Found Oxekku's Weapon Shop.
  2793 | D:3      | Identified the +7 flail "Teodim" {venom, rElec rN+ Dex+6}
  2948 | D:3      | Found a faded altar of an unknown god.
  3017 | D:3      | Found a transporter.
  3117 | D:3      | Found a transporter.
  3127 | D:3      | Noticed CornPuffBuddha's ghost (weakling GrRe)
  3260 | D:3      | Reached skill level 5 in Fighting
  3260 | D:3      | Reached skill level 5 in Axes
  3274 | D:3      | Found a snail-covered altar of Cheibriados.
  3373 | D:4      | Noticed Grinder
  3587 | D:3      | Killed Grinder
  3588 | D:3      | Reached XP level 6. HP: 45/56 MP: 5/5
  3648 | D:4      | Reached *** piety under Trog
  3649 | D:4      | Reached skill level 5 in Armour
  3649 | D:4      | Reached XP level 7. HP: 62/62 MP: 6/6
  3674 | D:4      | Noticed Sigmund
  3783 | D:4      | Killed Sigmund
  3784 | D:4      | Reached skill level 5 in Dodging
  4229 | D:4      | Reached XP level 8. HP: 71/71 MP: 7/7
  4374 | D:5      | Entered Level 5 of the Dungeon
  5059 | D:5      | Found a sparkling altar of Nemelex Xobeh.
  5710 | D:6      | Reached **** piety under Trog
  5747 | D:6      | Reached XP level 9. HP: 81/81 MP: 8/8
  5801 | D:6      | Found a staircase to the Ecumenical Temple.
  6180 | D:7      | Found an ornate altar of the Wu Jian Council.
  6404 | D:7      | Found a sand-covered staircase.
  6417 | Ossuary  | Entered an ossuary
  6604 | Ossuary  | Reached ***** piety under Trog
  6836 | D:7      | Reached XP level 10. HP: 88/91 MP: 9/9
  7542 | D:3      | Killed CornPuffBuddha's ghost
  8289 | D:8      | Found a bloodstained altar of Trog.
  8332 | D:8      | You fall into a shaft and drop 1 floor!
  8352 | D:8      | Found an iron altar of Okawaru.
  8522 | D:8      | Reached skill level 10 in Fighting
  8525 | D:8      | Reached skill level 10 in Axes
  8585 | D:8      | Received a gift from Trog
  8719 | D:8      | Reached skill level 10 in Armour
  8755 | D:8      | Found a basalt altar of Yredelemnul.
  9133 | D:9      | Found Qaikium's Weapon Boutique.
  9430 | D:9      | Found a shimmering altar of Xom.
  9430 | D:9      | Noticed billz999's ghost (novice GnHu)
  9431 | D:9      | Found a runed translucent door.
  9431 | D:9      | Noticed a +0 flail of chaos
  9451 | D:9      | Found a hazy altar of Hepliaklqana.
  9713 | D:9      | Found a staircase to the Orcish Mines.
 10082 | D:10     | Entered Level 10 of the Dungeon
 10298 | D:10     | Reached XP level 11. HP: 86/101 MP: 10/10
 10603 | D:10     | Noticed a green ugly thing
 10617 | D:10     | Killed a green ugly thing
 10682 | D:10     | Reached skill level 10 in Dodging
 11183 | D:10     | Found a hide-covered altar of Uskayaw.
 11686 | D:11     | Noticed a two-headed ogre
 11717 | D:11     | Killed a two-headed ogre
 11884 | D:11     | Identified the +9 battleaxe of the Well-Known Curses
                  | {vorpal, rF+ Str+2 Dex+2} (Trog gifted it to you on level
                  | 11 of the Dungeon)
 11884 | D:11     | Received a gift from Trog
 11893 | D:11     | Found a staircase to the Lair.
 11912 | D:11     | HP: 7/156 [water elemental (7)]
 11913 | D:11     | HP: 3/156 [drowned by a water elemental (4)]
 11914 | D:11     | Slain by a troll

Illustrated notes

Levels and vault maps discovered:
D:1:      sevenhm_arrival_forest_fort_small_6, layout_basic
D:2:      layout_loops_cross
D:3:      layout_loops_cross, slow_altar_1, gammafunk_ghost_gnarly_gnolls,
          serial_shops, shop, dreamdust_ecumenical_altar_drowned_temple,
          dk_vineyard_1, minmay_misc_feat_secret_circle
D:4:      layout_basic, uniq_grinder, uniq_sigmund
D:5:      layout_basic, marbit_many_paths
D:6:      layout_loops_ring, minmay_temple_entry_crystal_x
D:7:      cheibrodos_steamvent, layout_basic, old_standard_altar,
          enter_ossuary_3, lightli_corner_chamber
D:8:      layout_rooms, trog_three_pillars_becter, okawaru_gym_becter,
          lemuel_mausoleum_altar_yredelemnul, serial_co_window_serial,
          co_window_of_opportunity_a, co_window_paths_a, co_window_paths_a,
          co_window_paths_a, co_window_cross_1, co_window_corner_a,
          co_window_paths_b, co_window_corner_a, co_window_paths_a,
          co_window_cross_2, co_window_2corner, co_window_of_opportunity_b,
          co_window_unsneaky_path_a, co_window_broadway_a, glass_columns_b,
          glass_columns_a, glass_columns_a, glass_columns_b,
          kb_lookout_dungeons_type
D:9:      layout_loops_ring, mainiacjoe_overflow_alcove_1, zombieorc2_lemuel,
          serial_shops, nicolae_shop_bloodbath_and_beyond, ebering_ghost_xom
D:10:     layout_irregular_city, mainiacjoe_overflow_six_doors_small,
          roderic_roman_lattice, hangedman_decor_peaks_small,
          kennysheep_big_empty_room, nicolae_wwwww, minmay_puff
D:11:     wander_river, layout_rooms, erik_lair_island, serial_shops,
          nicolae_shop_trees, nicolae_elevator_lobby_asterisk

Skill      XL: |  1  2  3  4  5  6  7  8  9 10 11 |
---------------+----------------------------------+-----
Fighting       | 4 5 6 7 9 10 11 | 11.8
Axes           | 4 5 6 7 9 10 11 | 11.8
Armour         | 3 4 5 6 7 9 10 11 | 11.5
Dodging        | 3 4 5 6 8 9 10 | 10.5

Action                   |  1- 3 |  4- 6 |  7- 9 | 10-12 || total
-------------------------+-------+-------+-------+-------++-------
Melee: Hand axe          |    48 |    77 |       |       ||   125
       Headbutt          |     5 |    18 |    55 |    65 ||   143
       Flail             |       |    38 |   235 |   303 ||   576
       Punch             |       |       |     4 |     6 ||    10
       Unarmed           |       |       |       |     1 ||     1
Invok: Berserk           |     1 |       |     2 |     2 ||     5
       Trog's Hand       |       |     1 |     2 |     1 ||     4
  Use: Scroll            |       |     1 |    15 |    11 ||    27
Armor: Animal skin       |     6 |     7 |       |       ||    13
       Chain mail        |       |    44 |    20 |       ||    64
       Plate armour      |       |       |   137 |   176 ||   313
Dodge: Dodged            |    23 |    69 |   147 |   208 ||   447

Table legend: (Time is in decaauts)
 A = Elapsed time spent in this place.
 B = Non-inter-level travel time spent in this place.
 C = Inter-level travel time spent in this place.
 D = Time resting spent in this place.
 E = Time spent auto-exploring this place.
 F = Levels seen in this place.
 G = Mean time per level.
                   A        B        C        D        E       F      G
               +--------+--------+--------+--------+--------+-----+--------+
         Total |  12047 |  11398 |    649 |   1100 |   7602 |  12 | 1003.9 |
       Dungeon |  11641 |  10992 |    649 |   1074 |   7450 |  11 | 1058.3 |
       Ossuary |    406 |    406 |      0 |     26 |    151 |   1 |  406.0 |
               +--------+--------+--------+--------+--------+-----+--------+

Top non-repeatable levels by time:
     D:3: 1890 daAuts
     D:2: 1417 daAuts
     D:8: 1391 daAuts
    D:10: 1307 daAuts
     D:9: 1002 daAuts
     D:1: 945 daAuts
     D:6: 822 daAuts
     D:4: 817 daAuts
     D:5: 807 daAuts
     D:7: 690 daAuts
    D:11: 548 daAuts
 Ossuary: 406 daAuts
